 Dungeon Crawl Stone Soup version 0.26.1-11-gd32895ea62 (webtiles) character file.

Game seed: 10269088920264849418

2341 nothank2 the Destroyer (level 9, -8/62 HPs)
             Began as a White Draconian Conjurer on July 15, 2021.
             Mangled by a troll (14 damage)
             ... on level 5 of the Dungeon on July 16, 2021.
             The game lasted 00:26:47 (8155 turns).

nothank2 the Destroyer (White Draconian Conjurer)   Turns: 8155, Time: 00:26:47

Health: -8/62      AC: 10    Str:  9    XL:     9   Next: 20%
Magic:  9/18       EV: 12    Int: 27    God:
Gold:   178        SH:  0    Dex: 11    Spells: 9/20 levels left

rFire    . . .     SeeInvis .   u - staff of conjuration
rCold    + + .     Faith    .   (no shield)
rNeg     . . .     Spirit   .   (armour unavailable)
rPois    +         Reflect  .   (helmet restricted)
rElec    .         Harm     .   (no cloak)
rCorr    .         Rampage  .   (no gloves)
Will     .....                  v - +2 pair of boots
Stlth    +++.......             (no amulet)
HPRegen  0.20/turn              l - +6 ring of intelligence
MPRegen  0.16/turn              t - ring "Otosoow" {Wiz rPois rC+ Stlth+}

@: no status effects
A: breathe frost, unfitting armour, cold resistance 1, cold-blooded, AC +7
a: Breathe Frost


You were on level 5 of the Dungeon.
You visited 1 branch of the dungeon, and saw 6 of its levels.

You collected 178 gold pieces.

Inventory:

Hand Weapons
 c - a +0 dagger
Armour
 v - a +2 pair of boots (worn)
Magical Staves
 q - an uncursed staff of air
 u - an uncursed staff of conjuration (weapon)
Jewellery
 b - an uncursed ring of willpower
 j - a +6 ring of dexterity
 l - a +6 ring of intelligence (left hand)
 t - the ring "Otosoow" (right hand) {Wiz rPois rC+ Stlth+}
   (You found it on level 3 of the Dungeon)

   [ring of wizardry]

   It improves your spell success rate.
   It protects you from cold.
   It protects you from poison.
   It makes you more stealthy.
 w - an uncursed ring of resist corrosion {unknown}
Wands
 n - a wand of flame (10)
 y - a wand of acid (9)
Scrolls
 a - 5 scrolls of teleportation {unknown}
 d - 7 scrolls of identify
 g - 3 scrolls of immolation {unknown}
 h - 2 scrolls of blinking {unknown}
 o - 4 scrolls of remove curse {unknown}
 p - a scroll of fog {unknown}
Potions
 e - a potion of invisibility
 f - 2 potions of might
 i - 3 potions of haste
 k - 2 potions of degeneration
 m - a potion of mutation
 r - 2 potions of attraction {unknown}
 s - 5 potions of curing {unknown}
 x - a potion of flight {unknown}
 z - 2 potions of brilliance {unknown}


   Skills:
 - Level 3.0 Staves
 - Level 1.7 Dodging
 - Level 1.7 Stealth
 + Level 6.2 Spellcasting
 * Level 10.1 Conjurations
 - Level 2.0 Hexes
 - Level 2.1 Translocations


You had 9 spell levels left.
You knew the following spells:

 Your Spells              Type           Power        Failure   Level
a - Magic Dart            Conj           100%         1%          1
b - Searing Ray           Conj           100%         1%          2
c - Fulminant Prism       Conj/Hex       29%          2%          4
d - Iskenderun's Mystic   Conj/Tloc      58%          1%          4

Your spell library contained the following spells:

 Spells                   Type           Power        Failure   Level
 Dazzling Flash           Conj/Hex       100%         1%          3


Dungeon Overview and Level Annotations

Branches:
Dungeon (6/15)
 Temple: D:4-7

Altars:
Wu Jian


Innate Abilities, Weirdness & Mutations

You can breathe waves of freezing cold.
You can buffet flying creatures when you breathe cold.
Your icy white scales are hard. (AC +7)
You cannot fit into any form of body armour.
Your flesh is cold resistant. (rC+)
You are cold-blooded and may be slowed by cold attacks.


Message History

Press: ? - help, Shift-Dir - straight line, f - orc warrior
Aim: an orc warrior, wielding a +0 dire flail and wearing a cursed +0 chain mail (moderately wounded, 19% to evade)
You feel a surge of power!
The searing ray hits the orc warrior.
The orc warrior is heavily wounded. (Press . to maintain the ray.)
The orc warrior hits you with a +0 dire flail!
The troll bites you! The troll claws you.
* * * LOW HITPOINT WARNING * * *
The troll misses you.
The searing ray hits the orc warrior.
The orc warrior is severely wounded.
The orc warrior hits you with a +0 dire flail!
* * * LOW HITPOINT WARNING * * *
The troll barely misses you.
The troll claws you but does no damage. x2
The searing ray hits the orc warrior but does no damage.
The orc warrior is severely wounded.
The troll closely misses you. The troll claws you.
* * * LOW HITPOINT WARNING * * *
The troll claws you!
You die...

#...####.###..#
##)## #.# #..# #.#
#.# #..#### #.#
#.# #.....# ##.#
#.# #.###.# ...#
#.# #.# #.# ####
#.# #.# #.# #.#
#.# #o# #.# #.#
#@# #.# #.# #T#
########.###.###.#
.................#
#####....###.#####
#.#### #.# #.#
#.### #.# #...#
#.# ###.#


You could see a troll and an orc warrior.

Vanquished Creatures
  Pikel (D:6)
  An ice beast (D:5)
  2 orc warriors (D:6)
  A sky beast (D:6)
  4 ogres
  A phantom (D:5)
  A wyvern skeleton (D:6)
  3 scorpions
  A jelly (D:3)
  2 quasits (D:5)
  A centaur skeleton (D:4)
  6 orc priests
  A hound (D:6)
  2 bullfrog skeletons (D:4)
  5 worker ants
  An iguana (D:5)
  An orc wizard (D:4)
  A howler monkey zombie (D:5)
  3 gnolls (D:4)
  16 adders
  A white imp (D:5)
  2 ufetubi
  An ooze (D:4)
  2 adder zombies
  3 worms
  2 dart slugs
  5 leopard geckos
  15 orcs
  2 ball pythons
  8 bats
  5 giant cockroaches
  8 goblins
  10 hobgoblins
  7 jackals
  3 quokkas
  7 frilled lizards
  A jackal zombie (D:5)
  8 kobolds
  A quokka skeleton (D:4)
  10 rats
155 creatures vanquished.

Vanquished Creatures (others)
  4 fulminant prisms (D:6)
4 creatures vanquished.

Grand Total: 159 creatures vanquished

Notes
Turn   | Place    | Note
-------+----------+-------------------------------------------
     0 | D:1      | nothank2 the Draconian Conjurer began the quest for the
                  | Orb.
     0 | D:1      | Reached XP level 1. HP: 14/14 MP: 3/3
   276 | D:1      | Reached XP level 2. HP: 20/20 MP: 3/5
  1206 | D:1      | Reached XP level 3. HP: 25/26 MP: 2/6
  2026 | D:2      | Reached skill level 5 in Conjurations
  2105 | D:2      | Learned a level 2 spell: Searing Ray
  2168 | D:2      | Reached XP level 4. HP: 26/33 MP: 4/8
  2440 | D:2      | You fall into a shaft and drop 1 floor!
  3506 | D:3      | Reached XP level 5. HP: 38/38 MP: 4/9
  3976 | D:3      | Reached skill level 6 in Conjurations
  4072 | D:3      | Got a transparent pewter ring
  4074 | D:3      | Identified the ring "Otosoow" {Wiz rPois rC+ Stlth+} (You
                  | found it on level 3 of the Dungeon)
  4729 | D:4      | Reached XP level 6. HP: 45/45 MP: 7/11
  5239 | D:4      | Reached skill level 7 in Conjurations
  5511 | D:4      | Learned a level 4 spell: Fulminant Prism
  5516 | D:4      | Learned a level 4 spell: Iskenderun's Mystic Blast
  5730 | D:4      | Your scales start taking on an icy white colour.
  5730 | D:4      | Reached XP level 7. HP: 50/50 MP: 3/13
  5730 | D:4      | Gained mutation: Your flesh is cold resistant. (rC+) [White
                  | Draconian growth]
  5988 | D:4      | Reached skill level 1 in Staves
  6169 | D:5      | Entered Level 5 of the Dungeon
  6412 | D:5      | Reached skill level 8 in Conjurations
  6800 | D:5      | Reached skill level 5 in Spellcasting
  6800 | D:5      | Reached XP level 8. HP: 41/57 MP: 9/15
  6892 | D:5      | Found an ornate altar of the Wu Jian Council.
  7590 | D:6      | Reached skill level 9 in Conjurations
  7601 | D:6      | Noticed Pikel
  7676 | D:6      | Killed Pikel
  7677 | D:6      | Reached skill level 1 in Hexes
  7928 | D:6      | Reached XP level 9. HP: 50/62 MP: 4/17
  8055 | D:6      | Reached skill level 10 in Conjurations
  8146 | D:6      | Noticed a troll
  8155 | D:5      | Mangled by a troll

Illustrated notes

Levels and vault maps discovered:
D:1:      evilmike_arrival_crescent, layout_basic, st_stairs_4, minmay_cupped
D:2:      minmay_recursive_quarters, layout_basic, kennysheep_small_spiral
D:3:      minmay_octagon_keep, layout_basic
D:4:      layout_basic
D:5:      layout_loops_ring, basic_altar
D:6:      layout_cave_pools, uniq_pikel

Skill      XL: |  1  2  3  4  5  6  7  8  9 |
---------------+----------------------------+-----
Conjurations   | 5 6 7 8 9 10 | 10.1
Spellcasting   | 3 4 5 6 |  6.2
Staves         | 2 3 |  3.0
Hexes          | 2 |  2.0
Translocations | 2 |  2.1
Dodging        | |  1.7
Stealth        | |  1.7

Action                   |  1- 3 |  4- 6 |  7- 9 || total
-------------------------+-------+-------+-------++-------
Melee: Unarmed           |     8 |       |       ||     8
       Dagger            |    24 |     4 |       ||    28
       Tailslap          |     2 |     2 |     1 ||     5
       Staff             |       |     6 |    16 ||    22
 Cast: Magic Dart        |    79 |   171 |    89 ||   339
       Searing Ray       |       |     6 |    24 ||    30
       Fulminant Prism   |       |       |     4 ||     4
  Use: Scroll            |       |     5 |       ||     5
Armor: Skin              |    13 |    16 |    15 ||    44
Dodge: Dodged            |    42 |    29 |    28 ||    99
